 Dungeon Crawl Stone Soup version 0.18-a0-1229-ge9a1a01 (webtiles) character file.

2582 ololoev the Arsonist (level 9, -1/45 HPs)
             Began as a Deep Elf Fire Elementalist on Feb 4, 2016.
             Was a Believer of Sif Muna.
             Slain by a lava snake (4 damage)
             ... on level 9 of the Dungeon.
             The game lasted 00:26:33 (2467 turns).

ololoev the Arsonist (Deep Elf Fire Elementalist)   Turns: 2467, Time: 00:26:52

Health: -1/45      AC: 10    Str:  5    XL:     9   Next: 32%
Magic:  22/22      EV: 13    Int: 24    God:    Sif Muna [**....]
Gold:   209        SH:  0    Dex: 15    Spells: 5 memorised, 7 levels left

rFire  . . .     SeeInvis .     d - +1 mace (protect)
rCold  . . .     Gourm    .     a - +0 robe
rNeg   . . .     Faith    .     (no shield)
rPois  .         Spirit   .     (no helmet)
rElec  .         Dismiss  .     w - +0 cloak
rCorr  .         Reflect  .     (no gloves)
SustAt .         Harm     .     e - +1 pair of boots
MR     +....                    k - amulet of magic regeneration
Stlth  ++........               (no ring)
                                h - ring of protection from magic

@: somewhat resistant to hostile enchantments, unstealthy
A: no striking features
a: Channel Energy, Forget Spell, Renounce Religion

Inventory:

Hand Weapons
 d - a +1 mace of protection (weapon)
Armour
 a - a +0 robe (worn)
 e - a +1 pair of boots (worn)
 p - a +0 buckler
 w - a +0 cloak (worn)
Jewellery
 h - a ring of protection from magic (left hand)
 k - an amulet of magic regeneration (around neck)
Wands
 g - a wand of confusion (14/48)
 D - a wand of teleportation (4/9)
Scrolls
 i - a scroll of teleportation
 n - a scroll of blinking {unknown}
 s - 3 scrolls of remove curse
 t - a scroll of vulnerability {unknown}
 x - 3 scrolls of fear {unknown}
 y - 2 scrolls of enchant weapon {unknown}
 A - 2 scrolls of magic mapping {unknown}
 C - 3 scrolls of noise
Potions
 f - 2 potions of curing
 q - a potion of heal wounds
 u - 2 potions of brilliance
 v - a potion of might {unknown}
 z - a potion of cancellation {unknown}
 B - a potion of lignification {unknown}
Books
 b - a book of Flames

   Spells                             Type                      Level
   a - Flame Tongue                   Conjuration/Fire             1
   b - Throw Flame                    Conjuration/Fire             2
   c - Conjure Flame                  Conjuration/Fire             3
   d - Inner Flame                    Hexes/Fire                   3
   e - Sticky Flame                   Conjuration/Fire             4
   f - Fireball                       Conjuration/Fire             5
Comestibles
 c - 3 bread rations
 j - 5 chunks of flesh
 m - 2 beef jerkies
 o - 6 meat rations


   Skills:
 - Level 2.4 Dodging
 - Level 2.4 Stealth
 + Level 7.7 Spellcasting
 * Level 7.9 Conjurations
 * Level 8.3 Fire Magic
 * Level 5.9 Invocations


You had 7 spell levels left.
You knew the following spells:

 Your Spells              Type           Power        Failure   Level  Hunger
a - Flame Tongue          Conj/Fire      #####        1%          1    None
b - Conjure Flame         Conj/Fire      #####...     1%          3    None
c - Sticky Flame          Conj/Fire      #####...     2%          4    ###....
d - Fireball              Conj/Fire      #####.....   8%          5    #####..
e - Inner Flame           Hex/Fire       ####....     3%          3    None


You were on level 9 of the Dungeon.
You worshipped Sif Muna.
Sif Muna was pleased with you.
You were not hungry.

You visited 2 branches of the dungeon, and saw 11 of its levels.

You collected 209 gold pieces.

........#
........###
.........# .
#.......# ..
#.......# ...
#.......# ....
#.......#
#...#.....@§#
#§§§§≈.≈§≈§S#
#≈####'####≈# .
#§≈≈.≈≈≈### ..
#⌠§.....≈⌠#
..#######≈.._..≈##
.......#⌠§.....≈⌠#
.......##≈≈≈≈§≈≈##
.......####⌠#⌠#####

Notes
Turn   | Place    | Note
--------------------------------------------------------------
     0 | D:1      | ololoev the Deep Elf Fire Elementalist began the quest for the Orb.
     0 | D:1      | Reached XP level 1. HP: 10/10 MP: 6/6
    97 | D:1      | Reached XP level 2. HP: 12/15 MP: 3/8
   132 | D:2      | Found a faded altar to an unknown god.
   243 | D:2      | Noticed Terence
   290 | D:2      | Killed Terence
   290 | D:2      | Reached XP level 3. HP: 12/19 MP: 7/10
   319 | D:2      | Reached skill level 4 in Spellcasting
   322 | D:2      | Found a radiant altar of Vehumet.
   374 | D:2      | Reached XP level 4. HP: 18/24 MP: 9/12
   380 | D:2      | Learned a level 3 spell: Conjure Flame
   385 | D:2      | Learned a level 4 spell: Sticky Flame
   389 | D:2      | Learned a level 3 spell: Inner Flame
   419 | D:3      | Found a white marble altar of Elyvilon.
   587 | D:3      | Found a basalt altar of Yredelemnul.
   641 | D:3      | Reached XP level 5. HP: 28/28 MP: 11/13
  1054 | D:5      | Entered Level 5 of the Dungeon
  1079 | D:4      | Noticed Duffy's ghost (amateur VSFi)
  1096 | D:4      | Killed Duffy's ghost
  1096 | D:4      | Reached skill level 5 in Spellcasting
  1096 | D:4      | Reached skill level 5 in Conjurations
  1096 | D:4      | Reached skill level 5 in Fire Magic
  1096 | D:4      | Reached XP level 6. HP: 32/32 MP: 0/16
  1191 | D:4      | Found a staircase to the Ecumenical Temple.
  1196 | Temple   | Entered the Ecumenical Temple
  1234 | Temple   | Became a worshipper of Sif Muna the Loreminder
  1282 | D:4      | Learned a level 5 spell: Fireball
  1331 | D:4      | Found a bloodstained altar of Trog.
  1415 | D:7      | Reached skill level 1 in Invocations
  1415 | D:7      | Reached XP level 7. HP: 27/36 MP: 8/17
  1742 | D:8      | Reached skill level 6 in Spellcasting
  1751 | D:8      | Noticed Erolcha
  1769 | D:8      | Killed Erolcha
  1769 | D:8      | Reached * piety under Sif Muna
  1769 | D:8      | Reached skill level 7 in Fire Magic
  1769 | D:8      | Reached XP level 8. HP: 26/41 MP: 0/20
  1845 | D:8      | Found a staircase to the Lair.
  1899 | D:8      | Reached ** piety under Sif Muna
  2021 | D:8      | Reached skill level 5 in Invocations
  2111 | D:8      | Reached XP level 9. HP: 45/45 MP: 7/21
  2119 | D:8      | Reached skill level 8 in Fire Magic
  2316 | D:10     | Entered Level 10 of the Dungeon
  2316 | D:10     | Noticed a troll
  2448 | D:9      | Found a burning altar of Makhleb.
  2467 | D:9      | Slain by a lava snake

Dungeon Overview and Level Annotations

Branches:
Dungeon (10/15)            Temple (1/1) D:4            Lair (0/8) D:8
    Orc: D:9-12

Altars:
Cheibriados
Elyvilon
Gozag
Kikubaaqudgha
Makhleb
Ru
Sif Muna
Trog
Vehumet
Xom
Yredelemnul
Zin
The Shining One

Annotations:
D:9 exclusion: downstairs


Message History

The glob of lava misses you.
Evoke which item? (* to show all) (? for menu, Esc to quit)
Zapping:
g - a wand of confusion {zapped: 2} (will waste charges)
Press: ? - help, Shift-Dir - straight line, f/p - lava snake
Aim: a lava snake (lava, catching its breath, chance to defeat MR: 54%)
The lava snake resists with significant effort.
Evoking this partially-identified wand wasted a few charges.
Evoke which item? (* to show all) (? for menu, Esc to quit)
Zapping:
g - a wand of confusion {zapped: 5} (will waste charges)
Press: ? - help, Shift-Dir - straight line, f/p - lava snake
Aim: a lava snake (black smoke, lava, catching its breath, chance to defeat MR: 54%)
The lava snake appears confused.
Evoking this partially-identified wand wasted a few charges.
You hit the lava snake.
The lava snake is lightly wounded.
You strike the helpless lava snake from behind!
You hit the lava snake.
The lava snake is lightly wounded.
Throwing (i - inventory):
r - 2 throwing nets (quivered)
Press: ? - help, Shift-Dir - straight line, f/p - lava snake
Aim: a lava snake (black smoke, lava, lightly wounded, confused)
You throw a throwing net. The throwing net hits the lava snake.
The lava snake is caught in the net!
The lava snake is lightly wounded.
You hear a sizzling splash.
Throwing (i - inventory):
r - a throwing net (quivered)
Press: ? - help, Shift-Dir - straight line, f/p - lava snake
Aim: a lava snake (black smoke, lava, lightly wounded, confused)
You throw a throwing net.
The throwing net closely misses the lava snake.
You hear a sizzling splash.
You barely miss the lava snake.
The lava snake is lightly wounded.
You barely miss the lava snake.
The lava snake is lightly wounded.
The lava snake seems less confused.
The lava snake spits lava at you. The glob of lava hits you!
The lava snake bites you.
You are engulfed in flames.
You die...

You could see a lava snake.

Vanquished Creatures
  Erolcha (D:8)
  The ghost of Duffy the Skirmisher, an amateur VSFi (D:4)
  A wyvern (D:8)
  An ogre (D:9)
  An orc warrior (D:6)
  2 centaurs
  A giant frog (D:9)
  A water moccasin zombie (D:7)
  3 scorpions
  A wyvern skeleton (D:8)
  6 killer bees (D:8)
  A jelly (D:9)
  A giant frog skeleton (D:8)
  3 hounds
  3 orc wizards
  2 orc priests
  Terence (D:2)
  5 worker ants
  A hound skeleton (D:6)
  3 gnolls (D:3)
  14 adders
  2 shadow imps
  An ooze (D:2)
  2 worms
  4 giant geckos
  16 orcs
  4 bats
  6 giant cockroaches
  5 goblins
  A hobgoblin (D:3)
  11 jackals
  6 kobolds
  2 quokkas
  A quokka skeleton (D:4)
  5 rats
119 creatures vanquished.

Action                   |  1- 3 |  4- 6 |  7- 9 || total
-------------------------+-------+-------+-------++-------
Melee: Mace              |    12 |     2 |    25 ||    39
Throw: Throwing net      |       |       |    10 ||    10
 Cast: Flame Tongue      |    40 |    92 |    54 ||   186
       Conjure Flame     |       |     6 |     6 ||    12
       Inner Flame       |       |     3 |     4 ||     7
       Sticky Flame      |       |     3 |    14 ||    17
       Fireball          |       |       |    23 ||    23
Invok: Channel Energy    |       |       |    42 ||    42
Evoke: Wand              |     1 |     4 |     4 ||     9
  Use: Scroll            |     3 |     2 |     5 ||    10
       Potion            |       |       |     4 ||     4
 Stab: Paralysed         |     8 |     2 |       ||    10
       Confused          |       |       |     1 ||     1
  Eat: Chunk             |       |     2 |    18 ||    20

Vault maps used:
D:1:      scummos_arrival_hexagon
D:2:      marbit_many_paths, ecumenical_altar_1, st_stairs_3, uniq_terence,
          uniq_jessica
D:3:      lemuel_round_altar, lemuel_coloured_pillars_altar
D:4:      bloody_trog, temple_doors_a
D:5:      first_bread, minmay_ogre_servants
D:6:      grunt_qazlal_sundering, nicolae_dithmenos_through_a_glass_darkly,
          grunt_temple_overflow_open, minmay_item_behind_shaft, st_stairs_4
D:7:      lemuel_doored_altar
D:8:      lair_0_dummy, uniq_erolcha
D:9:      kennysheep_okawaru_gauntlet, lightli_temple_of_fire, david_orc_4,
          serial_shops, nicolae_shop_trees, basic_altar
D:10:     hangedman_fish_farm, grunt_pakellas_basics
Temple:   jpeg_temple_alley_garden_8
